 Dungeon Crawl Stone Soup version 0.29.1-12-g30fa7ad0bf (webtiles) character file.

Game seed: 16004518651003099238

67 croobank the Digger (level 4, -7/25 HPs)
             Began as a Gargoyle Earth Elementalist on Dec 26, 2022.
             Mangled by an iguana (12 damage)
             ... on level 6 of the Dungeon.
             The game lasted 00:20:13 (2190 turns).

croobank the Digger (Gargoyle Earth Elementalist)   Turns: 2190, Time: 00:20:14

Health: -7/25      AC:  6    Str: 11    XL:     4   Next: 18%
Magic:  0/7        EV: 12    Int: 18    God:
Gold:   124        SH:  0    Dex: 10    Spells: 3/7 levels left

rFire   . . .      SeeInvis .   j - +3 dagger
rCold   . . .      Faith    .   (no shield)
rNeg    + . .      Spirit   .   a - +0 robe
rPois   ∞          Reflect  .   (no helmet)
rElec   +          Harm     .   (no cloak)
rCorr   .          Rampage  .   n - +0 pair of gloves
Will    .....                   (no boots)
Stlth   ++........              (no amulet)
HPRegen 0.08/turn               (no ring)
MPRegen 0.10/turn               (no ring)

@: brilliant, very slightly contaminated
A: sickness immunity, AC +3, negative energy resistance 1, electricity
resistance, torment resistance 1, petrification resistance
a: no special abilities


You were on level 6 of the Dungeon.
You visited 1 branch of the dungeon, and saw 4 of its levels.

You collected 124 gold pieces.

Inventory:

Hand Weapons
 b - a +0 whip
 j - a +3 dagger (weapon)
 p - a +0 war axe
Armour
 a - a +0 robe (worn)
 n - a +0 pair of gloves (worn)
Jewellery
 d - a +4 ring of evasion
 e - a ring of protection from cold
Potions
 f - a potion of magic
 g - 2 potions of resistance {unknown}
 h - a potion of berserk rage {unknown}
 k - 2 potions of curing {unknown}
 l - a potion of attraction {unknown}
 m - a potion of flight {unknown}
 o - a potion of invisibility {unknown}


   Skills:
 + Level 1.2 Fighting
 + Level 2.0 Dodging
 + Level 2.9 Stealth
 + Level 2.3 Spellcasting
 + Level 0.7 Conjurations
 + Level 1.3 Transmutations
 + Level 4.0 Earth Magic


You had 3 spell levels left.
You knew the following spells:

 Your Spells              Type           Power      Damage    Failure   Level
a - Sandblast             Erth           50%        2d12      3%          1
b - Stone Arrow           Conj/Erth      32%        3d9       21%         3

Your spell library contained the following spells:

 Spells                   Type           Power      Damage    Failure   Level
 Passwall                 Tmut/Erth      14%        N/A       9%          2
 Apportation              Tloc           6%         N/A       19%         1
 Necrotise                Necr           12%        1d4       19%         1
 Summon Small Mammal      Summ           12%        N/A       19%         1
 Conjure Flame            Conj/Fire      5%         6-21      41%         3
 Ignite Poison            Fire/Tmut/Pois 5%         N/A       41%         3
 Petrify                  Tmut/Erth      17%        N/A       50%         4
 Sticky Flame             Conj/Fire      5%         2d3       83%         4


Dungeon Overview and Level Annotations

Branches:
Dungeon (3/15)

Altars:

Shops:
D:2 =

Annotations:
D:2 1 runed translucent door, Crazy Yiuf
D:3 Sigmund


Innate Abilities, Weirdness & Mutations

You are immune to sickness and miasma.
Your stone body is resilient. (AC +3)
You are immune to poison.
You resist negative energy. (rN+)
You are resistant to electric shocks. (rElec)
You are resistant to unholy torment.
You are immune to petrification.


Message History

Confirm with . or Enter, or press ? or * to list all spells.
Aiming: Sandblast (safe; 3% risk of failure)
Press: ? - help, Shift-Dir - straight line, f/p - iguana
Aim: an iguana (84% to hit)
The blast of sand hits the iguana.
The iguana is lightly wounded.
The iguana closely misses you. The iguana bites you!
Casting: Sandblast (safe; 3% risk of failure)
Confirm with . or Enter, or press ? or * to list all spells.
Aiming: Sandblast (safe; 3% risk of failure)
Press: ? - help, Shift-Dir - straight line, f/p - iguana
Aim: an iguana (lightly wounded, 84% to hit)
The blast of sand hits the iguana but does no damage.
The iguana is lightly wounded.
The iguana bites you.
* * * LOW HITPOINT WARNING * * *
Okay, then.
You aren't carrying any scrolls.
Unknown command.
Casting: Sandblast (safe; 3% risk of failure)
Confirm with . or Enter, or press ? or * to list all spells.
Aiming: Stone Arrow (extremely dangerous; 21% risk of failure)
Press: ? - help, Shift-Dir - straight line, f/p - iguana
Aim: an iguana (lightly wounded, 72% to hit)
You miscast Stone Arrow.
You are very lightly contaminated with residual magic.
Nothing appears to happen.
The iguana bites you.
* * * LOW HITPOINT WARNING * * *
It was a potion of brilliance.
You feel clever all of a sudden. The iguana closely misses you.
Casting: Stone Arrow (extremely dangerous; 21% risk of failure)
Confirm with . or Enter, or press ? or * to list all spells.
Aiming: Stone Arrow (extremely dangerous; 21% risk of failure)
Press: ? - help, Shift-Dir - straight line, f/p - iguana
Aim: an iguana (lightly wounded, 72% to hit)
You feel a surge of power!
The stone arrow hits the iguana.
The iguana is heavily wounded.
The iguana bites you!
You die...

# .. ...## ...##
...## .. #).# # ..
#@# .#
###.###l######.#
#.....#n.......###
..................
...............#
...............#
...............#
...............#
...............#


You could see a necrophage and an iguana.

Vanquished Creatures
  Natasha (D:3)
  3 dart slugs
  3 endoplasms
  2 giant cockroaches (D:2)
  3 goblins
  5 hobgoblins
  4 jackals (D:1)
  3 kobolds
  2 bats (D:1)
  3 frilled lizards (D:2)
  5 rats
34 creatures vanquished.

Notes
Turn   | Place    | Note
-------+----------+-------------------------------------------
     0 | D:1      | croobank the Gargoyle Earth Elementalist began the quest
                  | for the Orb.
     0 | D:1      | Reached XP level 1. HP: 10/10 MP: 3/3
   252 | D:1      | Reached XP level 2. HP: 10/16 MP: 1/5
   377 | D:1      | Reached skill level 1 in Transmutations
   708 | D:1      | Found a faded altar of an unknown god.
  1144 | D:1      | Reached XP level 3. HP: 20/20 MP: 4/6
  1291 | D:2      | Found Bosoge Muat's Jewellery Emporium.
  1313 | D:2      | Reached skill level 1 in Fighting
  1348 | D:2      | Learned a level 3 spell: Stone Arrow
  1390 | D:2      | Found a runed translucent door.
  1391 | D:2      | Noticed Crazy Yiuf
  2076 | D:3      | Noticed Natasha
  2080 | D:3      | Killed Natasha
  2081 | D:3      | Reached skill level 4 in Earth Magic
  2081 | D:3      | Reached XP level 4. HP: 24/25 MP: 2/7
  2149 | D:3      | Noticed Sigmund
  2164 | D:3      | You fall into a shaft and drop 3 floors!
  2173 | D:6      | Noticed a necrophage
  2190 | D:6      | Mangled by an iguana

Illustrated notes

Levels and vault maps discovered:
D:1:      dpeg_cavernosity, layout_basic, chequers_ecumenical_altar_simple
D:2:      layout_basic, serial_shops, nicolae_shop_crystal,
          minmay_misc_feat_plants, chequers_serial_rivers_micro_d,
          uniq_crazy_yiuf_cottage
D:3:      layout_loops_ring, uniq_ijyb, uniq_natasha, uniq_sigmund
D:6:      layout_rooms, bloody_trog, nicolae_ru_the_path_less_chosen

Skill      XL: |  1  2  3 |
---------------+----------+-----
Transmutations | 1 |  1.3
Fighting       | 1 |  1.2
Dodging        | 2 |  2.0
Earth Magic    | 4 |  4.0
Stealth        | |  2.9
Spellcasting   | |  2.3
Conjurations   | |  0.7

Action                   |  1- 3 |  4- 6 || total
-------------------------+-------+-------++-------
Melee: Unarmed           |    12 |       ||    12
       Whip              |    15 |       ||    15
       Punch             |     1 |       ||     1
       Dagger            |       |     2 ||     2
 Cast: Sandblast         |    44 |     3 ||    47
       Stone Arrow       |     1 |     1 ||     2
  Use: Potion            |     1 |     1 ||     2
       Scroll            |     4 |       ||     4
 Stab: Sleeping          |     2 |       ||     2
Armor: Robe              |    18 |     2 ||    20
Dodge: Dodged            |    23 |     5 ||    28
